 Dungeon Crawl Stone Soup version 0.25-a0-842-g81a31cfd23 (webtiles) character file.

Game seed: 3145308450050021776, levelgen mode: deterministic

116 wullow the Shield-Bearer (level 4, -4/35 HPs)
             Began as a Demonspawn Fighter on Apr 24, 2020.
             Killed by divine providence
             ... invoked by a smoke demon
              (12 damage)
             ... on level 1 of the Abyss.
             The game lasted 00:06:44 (2062 turns).

wullow the Shield-Bearer (Demonspawn Fighter)       Turns: 2062, Time: 00:06:45

Health: -4/35      AC:  6    Str: 16    XL:     4   Next: 70%
Magic:  4/4        EV:  7    Int: 10    God:
Gold:   178        SH:  9    Dex: 13    Spells: 3/3 levels left

rFire    . . .     SeeInvis .   a - +0 rapier
rCold    . . .     Gourm    .   c - +0 kite shield
rNeg     + . .     Faith    .   b - +0 scale mail
rPois    .         Spirit   .   (no helmet)
rElec    .         Reflect  .   (no cloak)
rCorr    .         Harm     .   (no gloves)
MR       .....                  (no boots)
Stlth    ..........             e - amulet of rage
HPRegen  0.11/turn              h - ring of positive energy
MPRegen  0.09/turn              (no ring)

@: mighty
A: talons 1, spiny 1
a: Evoke Berserk Rage


You were on level 1 of the Abyss.
You were hungry.

You visited 1 branch of the dungeon, and saw 3 of its levels.
You visited the Abyss 1 time.

You collected 178 gold pieces.

Inventory:

Hand Weapons
 a - a +0 rapier (weapon)
 t - a +0 hunting sling
Missiles
 i - 124 stones (quivered)
 m - 2 boomerangs of dispersal
 p - 3 curare-tipped darts
 s - 31 sling bullets
 v - 25 arrows
 x - 15 poisoned darts
Armour
 b - a +0 scale mail (worn)
 c - a +0 kite shield (worn)
 q - a cursed +0 robe
Jewellery
 e - an amulet of rage (around neck)
 h - a ring of positive energy (left hand)
Scrolls
 g - a scroll of remove curse
 j - a scroll of amnesia
 k - 5 scrolls of identify {unknown}
 n - a scroll of blinking {unknown}
 o - a scroll of magic mapping {unknown}
 r - 2 scrolls of teleportation {unknown}
 w - a scroll of fog {unknown}
Potions
 d - 2 potions of might
 l - a potion of stabbing {unknown}
 u - a potion of haste {unknown}
 z - 2 potions of curing {unknown}
 A - a potion of mutation {unknown}
Comestibles
 f - 5 rations


   Skills:
 + Level 3.5 Fighting
 * Level 3.0 Short Blades
 - Level 3.0 Armour
 * Level 3.6 Shields


You had 3 spell levels left.
You didn't know any spells.
Your spell library contained the following spells:

 Spells                   Type           Power        Failure   Level  Hunger
 Corona                   Hex            #......      99%         1    ##.....
 Ensorcelled Hibernation  Hex/Ice        #.....       100%        2    ###....
 Confusing Touch          Hex            #.......     100%        3    ####...
 Dazzling Flash           Conj/Hex       #.....       100%        3    ####...
 Tukima's Dance           Hex            #.......     100%        3    ####...


Dungeon Overview and Level Annotations

Branches:
Dungeon (3/15)

Altars:
Sif Muna
Uskayaw

Annotations:
D:3 3 runed translucent doors, Terence


Innate Abilities, Weirdness & Mutations

You have sharp toenails.
You are partially covered in sharp spines.


Message History

The blast of chaos engulfs you.
As you read the scroll labeled MOASAE JEGROJOFI, it crumbles to dust.
You feel blessed for a moment.
It was a scroll of remove curse.
You are engulfed in seething chaos.
The smoke demon is engulfed in seething chaos.
The smoke demon seems to grow stronger.
The apocalypse crab is engulfed in seething chaos.
As you read the scroll labeled XOTAIRABRU, it crumbles to dust.
It is a scroll of amnesia.
You feel forgetful for a moment.
You are engulfed in seething chaos.
You feel very mighty all of a sudden.
The smoke demon is engulfed in seething chaos.
The smoke demon hits you!
* * * LOW HITPOINT WARNING * * *
The smoke demon closely misses you. You block the smoke demon's attack.
There are monsters nearby!
Unknown command.
The smoke demon gestures at you. Something smites you!
You die...

.. .# ....
#.###...
##...#.. ..
#.....## ..#
.#....# ..## .
#.3t## .......
#.#§ ##..##..
#@#..X.....#
#..#§§###..#
###... #..#
#....# .# #
#.....# ##
#.##....#...#
# ## #.#.#.#
#..#
##.#..#.#..#.#
## #...#. .
....##


You could see a smoke demon.

Vanquished Creatures
  3 adders (D:2)
  A gnoll (D:1)
  An ufetubus (Abyss:1)
  A worm (D:2)
  5 dart slugs
  A leopard gecko (D:1)
  4 orcs (D:3)
  3 giant cockroaches (D:2)
  8 hobgoblins
  2 quokkas
  8 bats
  4 frilled lizards
  8 goblins
  A jackal skeleton (D:3)
  3 kobolds
  A leopard gecko skeleton (D:3)
  6 rats
60 creatures vanquished.

Notes
Turn   | Place    | Note
-------+----------+-------------------------------------------
     0 | D:1      | wullow the Demonspawn Fighter began the quest for the Orb.
     0 | D:1      | Reached XP level 1. HP: 18/18 MP: 1/1
   240 | D:1      | Gained mutation: You are partially covered in sharp spines.
                  | [demonic ancestry]
   240 | D:1      | Reached XP level 2. HP: 24/24 MP: 2/2
   531 | D:1      | Gained mutation: You have sharp toenails. [demonic
                  | ancestry]
   531 | D:1      | Reached XP level 3. HP: 29/29 MP: 3/3
   869 | D:2      | Reached XP level 4. HP: 29/35 MP: 4/4
   983 | D:2      | Noticed a +0 dagger
   984 | D:2      | Noticed a +0 hand axe
   985 | D:2      | Found a hide-covered altar of Uskayaw.
  1859 | D:3      | Found a runed translucent gate.
  1860 | D:3      | Found a runed translucent gate.
  1865 | D:3      | Found a runed translucent gate.
  1883 | D:3      | Found a shimmering blue altar of Sif Muna.
  1914 | D:3      | Noticed Terence
  1975 | D:3      | Cast into level 1 of the Abyss (Terence)
  2023 | Abyss:1  | Noticed a vampire
  2051 | Abyss:1  | Noticed a large abomination
  2055 | Abyss:1  | Noticed an apocalypse crab
  2055 | Abyss:1  | Noticed a smoke demon
  2062 | Abyss:1  | Killed from afar by a smoke demon

Levels and vault maps discovered:
D:1:      kennysheep_arrival_forest, layout_rooms, st_stairs_8
D:2:      minmay_spotlight, layout_rooms, dancing_weapons_uskayaw, first_ration,
          serial_co_window_serial, co_window_corner_a,
          co_window_of_opportunity_a, co_window_of_opportunity_a,
          co_window_paths_b, co_window_paths_b, co_window_broadway_c,
          co_window_unsneaky_path_c, co_window_2corner,
          co_window_unsneaky_path_c, co_window_corner_ca, co_window_paths_e,
          glass_columns_b, minmay_unequal
D:3:      layout_rooms, led_sif_pool, serial_undead, serial_undead_b,
          serial_undead_a, serial_undead_c, serial_undead_a, serial_undead_e,
          serial_undead_c, gammafunk_ghost_icy, uniq_terence
Abyss:1:  base:
D:1

Skill      XL: |  1  2  3  4 |
---------------+-------------+-----
Short Blades   | 2 3 |  3.0
Shields        | 3 |  3.6
Armour         | 3 |  3.0
Fighting       | |  3.5

Action                   |  1- 3 |  4- 6 || total
-------------------------+-------+-------++-------
Melee: Rapier            |    89 |    46 ||   135
       Kick              |     8 |     7 ||    15
  Use: Scroll            |       |     2 ||     2
  Eat: Chunk             |       |     3 ||     3
Armor: Scale mail        |    37 |    13 ||    50
Dodge: Dodged            |    17 |     8 ||    25
Block: Kite shield       |    40 |    21 ||    61

Table legend:
 A = Non-vault XP
 B = Vault XP
 C = Vault XP percentage of total XP
 D = Non-vault monster count
 E = Vault monster count
 F = Vault count percentage of total count
                 A         B        C        D         E       F
            +---------+---------+-------+---------+---------+-------
      Total |     135 |      32 |  19.2 |      50 |      10 |  16.7
            +---------+---------+-------+---------+---------+-------
        D:1 |      44 |       4 |   8.3 |      22 |       1 |   4.3
        D:2 |      60 |      26 |  30.2 |      18 |       7 |  28.0
        D:3 |      23 |       2 |   8.0 |       9 |       2 |  18.2
    Abyss:1 |       8 |       0 |   0.0 |       1 |       0 |   0.0
            +---------+---------+-------+---------+---------+-------
